 Dungeon Crawl Stone Soup version 0.22.0-27-ga576289 (webtiles) character file.

65966 iamserjio the Grappler (level 14, -18/140 HPs)
             Began as a Troll Fighter on Aug 21, 2018.
             Was a Priest of Cheibriados.
             Killed from afar by a balrug (52 damage)
             ... with a fireball
             ... summoned by a deep elf demonologist
             ... on level 3 of the Elven Halls.
             The game lasted 01:14:11 (6312 turns).

iamserjio the Grappler (Troll Fighter)              Turns: 6312, Time: 01:14:12

Health: -18/140    AC: 10    Str: 35    XL:     14   Next: 77%
Magic:  5/20       EV: 19    Int: 16    God:    Cheibriados [***...]
Gold:   684        SH: 25    Dex: 23    Spells: 4/13 levels left

rFire    . . .     SeeInvis .     - Unarmed
rCold    . . .     Gourm    +   M - +3 large shield
rNeg     . . .     Faith    .   Z - +2 robe {MR+}
rPois    .         Spirit   .   (helmet restricted)
rElec    .         Reflect  .   y - +2 cloak
rCorr    .         Harm     .   (gloves unavailable)
MR       ++...                  (boots unavailable)
Stlth    +.........             (no amulet)
HPRegen  0.73/turn              X - +6 ring of evasion
MPRegen  0.17/turn              L - +6 ring of dexterity

@: liquid flames, glowing, very slow
A: large, unfitting armour, claws 3, fast metabolism 3, gourmand, regeneration
1, shaggy fur 1, tough skin 2
a: Bend Time, Temporal Distortion, Renounce Religion


You were on level 3 of the Elven Halls.
You worshipped Cheibriados.
Cheibriados was most pleased with you.
You were very full.

You visited 4 branches of the dungeon, and saw 18 of its levels.

You collected 1745 gold pieces.
You spent 1061 gold pieces at shops.

Inventory:

Hand Weapons
 p - a +0 long sword of flaming
 q - the +2 whip of Tul Xaemp {slash, MR- Str+5}
   (You found it on level 7 of the Dungeon)

   It inflicts extra damage upon your enemies.
   It affects your strength (+5).
   It affects your resistance to hostile enchantments.
 C - a +0 fustibalus
 G - a +3 flail
 W - a +1 scimitar of distortion
Missiles
 z - 4 javelins of returning
 K - 4 large rocks (quivered)
 S - a throwing net {!f}
 T - 4 tomahawks of dispersal
Armour
 y - a +2 cloak (worn)
 B - a +1 robe
 M - a +3 large shield (worn)
 R - a +1 robe of fire resistance
 Z - a +2 robe of magic resistance (worn)
Jewellery
 b - an uncursed ring of poison resistance
 k - an uncursed ring of stealth
 H - an uncursed amulet of faith
 L - a +6 ring of dexterity (right claw)
 X - a +6 ring of evasion (left claw)
Wands
 o - a wand of acid (1)
 s - a wand of enslavement (19)
 u - a wand of paralysis (28)
 E - a wand of iceblast (5)
Scrolls
 a - a scroll of brand weapon {unknown}
 e - a scroll of vulnerability
 g - 2 scrolls of immolation
 h - a scroll of blinking {unknown}
 j - a scroll of remove curse {@r2}
 m - 2 scrolls of fog
 n - a scroll of noise
 t - 2 scrolls of enchant weapon {unknown}
 D - a scroll of summoning
 Q - 2 scrolls of magic mapping
 U - 6 scrolls of fear
 Y - 3 scrolls of amnesia
Potions
 c - a potion of degeneration {unknown}
 f - 5 potions of lignification
 i - 3 potions of curing {@q1}
 l - 3 potions of agility {unknown}
 v - a potion of ambrosia {unknown}
 w - 2 potions of mutation {unknown}
 x - a potion of flight {unknown}
 F - a potion of cancellation {unknown}
 J - 2 potions of brilliance {unknown}
 P - 2 potions of might
Comestibles
 d - 16 rations
 r - 3 chunks of flesh


   Skills:
 - Level 9.0 Fighting
 - Level 2.0 Throwing
 - Level 5.0 Dodging
 * Level 12.5 Shields
 - Level 14.0 Unarmed Combat
 - Level 0.2 Spellcasting
 - Level 3.4 Transmutations
 + Level 10.4 Invocations
 - Level 1.0 Evocations


You had 4 spell levels left.
You knew the following spells:

 Your Spells              Type           Power        Failure   Level  Hunger
a - Blink                 Tloc           N/A          54%         2    ###....
b - Summon Butterflies    Summ           #.......     38%         1    ##.....
c - Apportation           Tloc           #.....       38%         1    ##.....
d - Alistair's Intoxicat  Tmut/Pois      #.......     99%         5    ######.

Your spell library contained the following spells:

 Spells                   Type           Power        Failure   Level  Hunger
 Magic Dart               Conj           #...         38%         1    ##.....
 Sting                    Conj/Pois      #...         38%         1    ##.....
 Call Imp                 Summ           #.......     54%         2    ###....
 Ensorcelled Hibernation  Hex/Ice        #.....       54%         2    ###....
 Poisonous Vapours        Pois/Air       #.....       54%         2    ###....
 Slow                     Hex            #.......     54%         2    ###....
 Ignite Poison            Fire/Tmut/Pois #.......     61%         3    ####...
 Conjure Flame            Conj/Fire      #.......     77%         3    ####...
 Lesser Beckoning         Tloc           #.........   77%         3    ####...
 Mephitic Cloud           Conj/Pois/Air  #.......     77%         3    ####...
 Tukima's Dance           Hex            #.......     77%         3    ####...
 Olgreb's Toxic Radiance  Pois           #.......     99%         4    #####..
 Borgnjor's Vile Clutch   Necr/Erth      #.........   100%        5    ######.
 Fireball                 Conj/Fire      #.........   100%        5    ######.
 Silence                  Hex/Air        #.........   100%        5    ######.
 Venom Bolt               Conj/Pois      #.........   100%        5    ######.
 Bolt of Fire             Conj/Fire      #.........   100%        6    #######
 Darkness                 Hex            #.........   100%        6    #######
 Invisibility             Hex            #.......     100%        6    #######
 Shadow Creatures         Summ           N/A          100%        6    #######
 Ring of Flames           Chrm/Fire      #.........   100%        7    #######
 Ignition                 Fire           #.........   100%        8    #######


Dungeon Overview and Level Annotations

Branches:
Dungeon (12/15)            Temple (1/1) D:6            Lair (0/6) D:10
    Orc (2/2) D:12            Elf (3/3) Orc:2

Altars:
Ashenzari
Cheibriados
Dithmenos
Elyvilon
Fedhas
Gozag
Kikubaaqudgha
Nemelex Xobeh
Okawaru
Qazlal
Ru
Sif Muna
Trog
Uskayaw
Vehumet
Wu Jian
Xom
Zin
The Shining One
Beogh

Shops:
D:6 !:   Orc:2 *=[*}

Portals:
Trove: Elf:2 (give +7 demon blade)


Innate Abilities, Weirdness & Mutations

You are too large for most types of armour.
You have claws for hands.
Your metabolism is lightning-fast.
You like to eat raw meat.
Your natural rate of healing is unusually fast.
You are covered in fur. (AC +1)
You have very tough skin. (AC +2)


Message History

You can no longer inflict damage on those overly hasty.
Cheibriados lowers the support of your attributes as your movement quickens.
A deep elf blademaster comes into view. It is wielding two rapiers.
Unknown command.
The deep elf blademaster moves out of view.
You warp the flow of time around you!
You feel somewhat less full.
Okay, then.
Press: ? - help, v - describe, . - travel, g - get item
Here: a balrug, wielding a demon whip (summoned)
A short sword.
There is something else lying underneath.
The floor, spattered with blood.
Okay, then.
As you read the scroll labeled LUAXKO NACHIUX, it crumbles to dust.
Wisps of shadow whirl around you...
It was a scroll of summoning.
You are covered in liquid flames!
* * * LOW HITPOINT WARNING * * *
The balrug gestures at you.
The fireball explodes!
The fireball engulfs you!
You die...

##...§§§≈≈...#. ##(
.....§§§≈§....} #..
#{..≈§§§≈§.e# #.. #e.e≈≈§≈§§..#
#.. #§# ##. #)# #. #e# ## #2# #
#@# ### #e# #.. ##e## #..
##..)## #..
#############..#.)############..
#.............###e))............
#.############# #############...
#.######## #######.. #.........
......^..


You could see a deep elf blademaster, a balrug, a friendly deep elf knight and 2
friendly deep elf magi.

Vanquished Creatures
  A deep elf blademaster (Elf:3)
  3 deep elf sorcerers
  5 deep elf elementalists (Elf:3)
  3 deep elf demonologists (Elf:3)
  3 deep elf annihilators (Elf:3)
  5 deep elf death magi
  A deep elf high priest (Elf:3)
  3 two-headed ogres
  7 dancing weapons
  5 orc high priests (Orc:2)
  10 deep elf knights
  2 small abominations (Elf:3)
  6 deep elf archers
  3 orc knights
  30 deep elf magi
  2 cyclopes (D:12)
  5 orc sorcerers
  3 trolls
  2 hornets
  2 hippogriffs
  A water elemental (Elf:3)
  5 yaks (D:12)
  2 fire elementals (Elf:3)
  4 hungry ghosts
  4 wargs
  2 vampire mosquitoes (D:12)
  Edmund (D:5)
  Duvessa (D:4)
  22 orc warriors
  2 ice beasts
  2 sky beasts
  5 ogres
  2 phantoms
  2 boggarts
  3 centaurs
  A big kobold (D:7)
  3 bullfrogs
  An earth elemental (Elf:3)
  A wyvern zombie (D:12)
  Dowan (D:4)
  3 scorpions
  A water moccasin skeleton (D:5)
  6 wights
  3 howler monkeys
  6 crimson imps
  2 bullfrog zombies
  2 hounds
  3 jellies
  34 orc priests
  22 orc wizards
  A worker ant (D:8)
  2 iguanas (D:10)
  A hound skeleton (D:4)
  8 adders
  3 gnolls (Orc:1)
  A howler monkey skeleton (D:9)
  2 oozes
  An adder zombie (D:7)
  5 worms
  6 leopard geckos
  83 orcs
  6 giant cockroaches
  8 goblins
  6 hobgoblins
  9 jackals
  3 quokkas
  2 ball pythons
  A bat (D:1)
  6 frilled lizards
  8 kobolds
  A leopard gecko skeleton (D:7)
  A leopard gecko zombie (D:5)
  4 rats
  2 crawling corpses (Elf:3)
418 creatures vanquished.

Vanquished Creatures (others)
  An orc warrior (Orc:2)
1 creature vanquished.

Grand Total: 419 creatures vanquished

Notes
Turn   | Place    | Note
-------+----------+-------------------------------------------
     0 | D:1      | iamserjio the Troll Fighter began the quest for the Orb.
     0 | D:1      | Reached XP level 1. HP: 22/22 MP: 0/0
    68 | D:1      | Reached XP level 2. HP: 24/29 MP: 1/1
   267 | D:2      | Reached skill level 3 in Unarmed Combat
   308 | D:2      | Reached XP level 3. HP: 35/36 MP: 2/2
   595 | D:3      | Reached XP level 4. HP: 44/44 MP: 3/3
   656 | D:3      | Found an opulent altar of Gozag.
   694 | D:3      | Reached skill level 4 in Unarmed Combat
   721 | D:4      | Noticed a sky beast
   727 | D:4      | Killed a sky beast
   727 | D:4      | Reached skill level 5 in Unarmed Combat
   727 | D:4      | Reached XP level 5. HP: 34/50 MP: 4/4
   847 | D:4      | Noticed Dowan
   850 | D:4      | Noticed Duvessa
   857 | D:4      | Killed Duvessa
   857 | D:4      | Reached XP level 6. HP: 40/59 MP: 5/5
   861 | D:4      | Killed Dowan
   861 | D:4      | Reached skill level 6 in Unarmed Combat
   972 | D:5      | Entered Level 5 of the Dungeon
  1040 | D:5      | Noticed Edmund
  1057 | D:5      | Reached XP level 7. HP: 63/66 MP: 6/6
  1073 | D:5      | Killed Edmund
  1178 | D:7      | Noticed a hungry ghost
  1191 | D:7      | Killed a hungry ghost
  1191 | D:7      | Reached skill level 7 in Unarmed Combat
  1269 | D:7      | Got a steaming whip
  1290 | D:7      | Reached skill level 5 in Shields
  1345 | D:7      | Reached XP level 8. HP: 57/74 MP: 7/7
  1349 | D:7      | Reached skill level 8 in Unarmed Combat
  1509 | D:7      | Found a radiant altar of Vehumet.
  1509 | D:7      | Found a shattered altar of Ashenzari.
  1583 | D:6      | Found Nuovig's Distillery.
  1609 | D:6      | Bought a potion of heal wounds for 70 gold pieces
  1609 | D:6      | Bought a potion of berserk rage for 70 gold pieces
  1609 | D:6      | Bought a potion of curing for 42 gold pieces
  1609 | D:6      | Bought a potion of curing for 42 gold pieces
  1643 | D:6      | Noticed a two-headed ogre
  1657 | D:6      | Killed a two-headed ogre
  1657 | D:6      | Reached skill level 9 in Unarmed Combat
  1680 | D:6      | Reached XP level 9. HP: 50/80 MP: 8/8
  1720 | D:6      | Found a white marble altar of Elyvilon.
  1736 | D:6      | Found Deirai Cuhos's Book Shoppe.
  1751 | D:6      | Found a staircase to the Ecumenical Temple.
  1760 | Temple   | Entered the Ecumenical Temple
  1792 | Temple   | Became a worshipper of Cheibriados the Contemplative
  1854 | D:5      | Reached skill level 10 in Unarmed Combat
  2137 | D:5      | Reached * piety under Cheibriados
  2146 | D:5      | Got a scorched rapier
  2302 | D:6      | Identified the cursed +2 whip of Tul Xaemp {slash, MR- Str+5} (You found it on level 7 of the Dungeon)
  2426 | D:8      | Found an ornate altar of the Wu Jian Council.
  2561 | D:8      | Learned a level 2 spell: Blink
  2671 | D:8      | Reached skill level 11 in Unarmed Combat
  2679 | D:8      | Reached ** piety under Cheibriados
  2734 | D:9      | Found a bloodstained altar of Trog.
  2868 | D:9      | Reached skill level 1 in Invocations
  2880 | D:9      | Reached XP level 10. HP: 76/92 MP: 9/9
  2943 | D:9      | Reached *** piety under Cheibriados
  3030 | D:10     | Entered Level 10 of the Dungeon
  3030 | D:10     | Found a staircase to the Lair.
  3273 | D:12     | Noticed a two-headed ogre
  3273 | D:12     | Noticed a cyclops
  3283 | D:11     | Killed a two-headed ogre
  3293 | D:12     | Killed a cyclops
  3350 | D:12     | Reached skill level 12 in Unarmed Combat
  3435 | D:11     | Reached **** piety under Cheibriados
  3452 | D:11     | Found a hide-covered altar of Uskayaw.
  3588 | D:12     | Reached skill level 5 in Fighting
  3609 | D:12     | Noticed a cyclops
  3638 | D:12     | Killed a cyclops
  3638 | D:12     | Reached XP level 11. HP: 99/102 MP: 12/12
  3812 | D:12     | Found a staircase to the Orcish Mines.
  3859 | D:12     | Learned a level 1 spell: Summon Butterflies
  3861 | D:12     | Learned a level 1 spell: Apportation
  3862 | Orc:1    | Entered Level 1 of the Orcish Mines
  3967 | Orc:1    | Identified the +5 rapier of Distant Shores {pain, *Noise Str+6} (You found it on level 5 of the Dungeon)
  3974 | Orc:2    | Entered Level 2 of the Orcish Mines
  3977 | Orc:2    | Reached ***** piety under Cheibriados
  4042 | Orc:1    | Noticed an orc knight
  4054 | Orc:1    | Found a shimmering altar of Xom.
  4113 | Orc:1    | Found a roughly hewn altar of Beogh.
  4155 | Orc:1    | Noticed an orc knight
  4165 | Orc:1    | Reached skill level 1 in Evocations
  4190 | Orc:1    | Killed an orc knight
  4198 | Orc:1    | Killed an orc knight
  4281 | Orc:2    | Noticed a two-headed ogre
  4290 | Orc:2    | Killed a two-headed ogre
  4315 | Orc:2    | Found a staircase to the Elven Halls.
  4382 | Orc:2    | Noticed an orc high priest
  4389 | Orc:2    | Noticed an orc sorcerer
  4390 | Orc:2    | Noticed an orc high priest
  4392 | Orc:2    | Noticed an orc high priest
  4395 | Orc:2    | Killed an orc high priest
  4395 | Orc:2    | Reached skill level 5 in Invocations
  4397 | Orc:2    | Noticed a sixfirhy
  4398 | Orc:2    | Noticed a sun demon
  4400 | Orc:2    | Killed an orc sorcerer
  4400 | Orc:2    | Reached skill level 13 in Unarmed Combat
  4400 | Orc:2    | Noticed an orc high priest
  4418 | Orc:2    | Found Dyogeahu's Assorted Antiques.
  4427 | Orc:2    | Bought a peridot ring for 170 gold pieces
  4427 | Orc:2    | Bought a scroll labeled HEDIDIMPUA for 34 gold pieces
  4427 | Orc:2    | Bought a scroll labeled VUSEHE XOSIT for 34 gold pieces
  4464 | Orc:2    | Noticed an orc sorcerer
  4472 | Orc:2    | Noticed an orc sorcerer
  4472 | Orc:2    | Noticed an orc sorcerer
  4473 | Orc:2    | Killed an orc sorcerer
  4474 | Orc:2    | Noticed an orc knight
  4474 | Orc:2    | Noticed a sixfirhy
  4486 | Orc:2    | Killed an orc sorcerer
  4489 | Orc:2    | Killed an orc knight
  4495 | Orc:2    | Killed an orc sorcerer
  4579 | Orc:2    | Reached XP level 12. HP: 84/115 MP: 15/15
  4602 | Orc:2    | Killed an orc high priest
  4636 | Orc:2    | Noticed an orc high priest
  4643 | Orc:2    | Killed an orc high priest
  4653 | Orc:2    | Killed an orc high priest
  4694 | Orc:2    | Killed an orc high priest
  4758 | Orc:2    | Found Ofisairor's Gadget Shop.
  4760 | Orc:2    | Found Ylirgh's Antique Armour Boutique.
  4764 | Orc:2    | Found Bokozxesh's Assorted Antiques.
  4764 | Orc:2    | Found Yliemebesk's Jewellery Boutique.
  4793 | Orc:2    | Bought an uncursed ring of poison resistance for 280 gold pieces
  4794 | Orc:2    | Bought a scroll labeled VUSEHE XOSIT for 29 gold pieces
  4794 | Orc:2    | Bought a scroll labeled VUSEHE XOSIT for 29 gold pieces
  4794 | Orc:2    | Bought a scroll labeled HEDIDIMPUA for 29 gold pieces
  4794 | Orc:2    | Bought a scroll labeled XEQEUDGHOL for 29 gold pieces
  4794 | Orc:2    | Bought a scroll of identify for 58 gold pieces
  4794 | Orc:2    | Bought a scroll of identify for 58 gold pieces
  4797 | Orc:2    | Bought a potion of lignification for 87 gold pieces
  4839 | Elf:1    | Entered Level 1 of the Elven Halls
  4844 | Elf:1    | Reached skill level 1 in Throwing
  4894 | Orc:2    | Learned a level 5 spell: Alistair's Intoxication
  4899 | Orc:2    | Reached skill level 5 in Dodging
  4969 | Elf:2    | Noticed a deep elf sorcerer
  4981 | Elf:2    | Killed a deep elf sorcerer
  5034 | Elf:1    | Reached XP level 13. HP: 28/127 MP: 11/17
  5043 | Elf:1    | HP: 3/127 [deep elf mage/bolt of negative energy (33)]
  5170 | Elf:1    | Noticed a deep elf sorcerer
  5190 | Elf:2    | Reached skill level 14 in Unarmed Combat
  5233 | Elf:2    | Found a portal to a secret trove of treasure.
  5265 | Elf:3    | Entered Level 3 of the Elven Halls
  5314 | Elf:3    | Reached skill level 1 in Transmutations
  5345 | Elf:3    | Reached skill level 10 in Shields
  5375 | Elf:3    | Noticed a deep elf demonologist
  5381 | Elf:3    | Noticed a Brimstone Fiend
  5383 | Elf:3    | Noticed a balrug
  5385 | Elf:3    | Killed a deep elf demonologist
  5434 | Elf:3    | Noticed a deep elf demonologist
  5444 | Elf:3    | Noticed an Ice Fiend
  5445 | Elf:3    | Killed a deep elf demonologist
  5451 | Elf:3    | Noticed a deep elf death mage
  5452 | Elf:3    | Noticed a deep elf elementalist
  5452 | Elf:3    | Noticed a deep elf elementalist
  5452 | Elf:3    | Noticed a deep elf elementalist
  5452 | Elf:3    | Noticed a deep elf annihilator
  5637 | Elf:2    | Noticed a deep elf death mage
  5653 | Elf:2    | Killed a deep elf death mage
  5953 | Elf:3    | Killed a deep elf annihilator
  5992 | Elf:3    | Reached XP level 14. HP: 125/140 MP: 19/19
  6053 | Elf:3    | Noticed a deep elf elementalist
  6054 | Elf:3    | Noticed a deep elf blademaster
  6054 | Elf:3    | Noticed a deep elf sorcerer
  6077 | Elf:3    | Killed a deep elf blademaster
  6105 | Elf:3    | Noticed a deep elf elementalist
  6116 | Elf:3    | Killed a deep elf elementalist
  6122 | Elf:3    | Noticed a deep elf sorcerer
  6127 | Elf:3    | Killed a deep elf elementalist
  6129 | Elf:3    | Killed a deep elf sorcerer
  6138 | Elf:3    | Killed a deep elf elementalist
  6146 | Elf:3    | Killed a deep elf sorcerer
  6156 | Elf:3    | Reached skill level 10 in Invocations
  6172 | Elf:3    | Killed a deep elf elementalist
  6279 | Elf:3    | Killed a deep elf elementalist
  6308 | Elf:3    | Noticed a balrug
  6312 | Elf:3    | Noticed a deep elf blademaster
  6312 | Elf:3    | Killed from afar by a balrug

Skill      XL: |  1  2  3  4  5  6  7  8  9 10 11 12 13 14 |
---------------+-------------------------------------------+-----
Unarmed Combat | 3 5 6 7 9 11 12 13 14 | 14.0
Shields        | 3 4 5 6 7 8 9 10 12 | 12.5
Fighting       | 4 5 6 7 9 |  9.0
Invocations    | 1 3 5 7 9 10 | 10.4
Dodging        | 4 5 |  5.0
Evocations     | 1 |  1.0
Throwing       | 2 |  2.0
Transmutations | 3 |  3.4
Spellcasting   | |  0.2

Action                   |  1- 3 |  4- 6 |  7- 9 | 10-12 | 13-15 || total
-------------------------+-------+-------+-------+-------+-------++-------
Melee: Unarmed           |   101 |    69 |   280 |   414 |   302 ||  1166
Throw: Large rock        |       |       |       |     7 |     4 ||    11
       Javelin           |       |       |       |     1 |       ||     1
Invok: Slouch            |       |       |       |     8 |     4 ||    12
       Temporal Distorti |       |       |       |       |     5 ||     5
Evoke: Wand              |       |       |     2 |    21 |    14 ||    37
  Use: Potion            |       |     2 |       |     2 |     7 ||    11
       Scroll            |       |       |     4 |    14 |     8 ||    26
 Stab: Sleeping          |     2 |     4 |     8 |     6 |       ||    20
       Confused          |       |       |       |     2 |       ||     2
       Distracted        |       |       |       |       |     1 ||     1
  Eat: Chunk             |    11 |     4 |    28 |    17 |    12 ||    72
Armor: Robe              |    16 |    11 |    60 |    45 |    21 ||   153
Dodge: Dodged            |    23 |    18 |    82 |   116 |    66 ||   305
Block: Shield            |    30 |    27 |   116 |    58 |       ||   231
       Large shield      |       |       |       |   328 |   201 ||   529
